 Dungeon Crawl Stone Soup version 0.27.1-34-g3ba077fa99 (webtiles) character file.

Game seed: 12314757210038036255

57 Gabide the Chucker (level 3, -1/29 HPs)
             Began as a Demigod Hunter on Jan 21, 2022.
             Slain by an ogre (16 damage)
             ... on level 2 of the Dungeon.
             The game lasted 00:01:51 (1593 turns).

Gabide the Chucker (Demigod Hunter)                 Turns: 1593, Time: 00:01:52

Health: -1/29      AC:  5    Str: 17    XL:     3   Next: 50%
Magic:  5/5        EV: 12    Int: 13    God:
Gold:   30         SH:  0    Dex: 14    Spells: 2/2 levels left

rFire    . . .     SeeInvis .   a - +0 short sword
rCold    . . .     Faith    .   (no shield)
rNeg     . . .     Spirit   .   b - +0 leather armour
rPois    .         Reflect  .   (no helmet)
rElec    .         Harm     .   (no cloak)
rCorr    .         Rampage  .   (no gloves)
Will     .....                  h - +1 pair of boots
Stlth    ++........             (no amulet)
HPRegen  0.09/turn              (no ring)
MPRegen  0.09/turn              (no ring)

@: no status effects
A: high mp 1, forlorn
a: no special abilities


You were on level 2 of the Dungeon.
You visited 1 branch of the dungeon, and saw 2 of its levels.

You collected 30 gold pieces.

Inventory:

Hand Weapons
 a - a +0 short sword (weapon)
Missiles
 c - 6 javelins (quivered)
 d - 2 throwing nets
Armour
 b - a +0 leather armour (worn)
 h - a +1 pair of boots (worn)
Jewellery
 f - a ring of flight
Scrolls
 e - 5 scrolls of teleportation {unknown}
 g - a scroll of vulnerability {unknown}
 i - a scroll of identify {unknown}
Potions
 j - a potion of haste {unknown}


   Skills:
 + Level 2.0 Fighting
 + Level 1.1 Short Blades
 + Level 4.1 Throwing
 + Level 0.9 Armour
 + Level 2.1 Dodging
 + Level 1.3 Stealth


You had 2 spell levels left.
You didn't know any spells.
Your spell library was empty.

Dungeon Overview and Level Annotations

Branches:
Dungeon (2/15)


Innate Abilities, Weirdness & Mutations

Your attributes grow dramatically as you level up.
You have an increased reservoir of magic. (+10% MP)
You shall have no god before yourself.


Message History

Found a cyan potion.
A bat comes into view.
The bat moves out of view.
You see here a cyan potion.
A bat is nearby!
A bat is nearby!
Found a broken altar of Ashenzari.
Found a stone staircase leading down.
The bat hits you but does no damage.
You hit the bat.
The bat is heavily wounded.
The bat barely misses you. x2
You miss the bat.
The bat is heavily wounded.
The bat barely misses you.
You closely miss the bat.
The bat is heavily wounded.
The bat misses you.
An ogre comes into view. It is wielding a +0 giant club.
The bat barely misses you.
The teleport trap disappears.
The bat disappears!
The ogre shouts!
You hit the ogre.
The ogre is lightly wounded.
The ogre closely misses you.
You barely miss the ogre.
The ogre is lightly wounded.
The ogre barely misses you.
You hit the ogre but do no damage.
The ogre is lightly wounded.
You hit the ogre but do no damage.
The ogre is lightly wounded.
The ogre hits you with a +0 giant club!
You completely miss the ogre.
The ogre is lightly wounded.
The ogre barely misses you.
You hit the ogre.
The ogre is moderately wounded.
The ogre hits you with a +0 giant club!
Ouch! That really hurt!
You die...

...........!...#....#
#..............#....##
+...................>#
#....###.............#
#....# #.##........#.#
.....# #.##.......##
###### ...........##.#
...............+
.._......@###.#
.........O# #
.....####.# ##### ...
.#. .. .# .. .# ... ..


You could see an ogre.

Vanquished Creatures
  Jessica (D:2)
  A worm (D:2)
  A bat (D:1)
  2 endoplasms
  A giant cockroach (D:1)
  2 goblins (D:1)
  5 hobgoblins
  A kobold (D:1)
  2 quokkas (D:1)
  3 ball pythons
  2 frilled lizards (D:1)
  7 rats (D:1)
28 creatures vanquished.

Vanquished Creatures (others)
  4 plants (D:1)
4 creatures vanquished.

Grand Total: 32 creatures vanquished

Notes
Turn   | Place    | Note
-------+----------+-------------------------------------------
     0 | D:1      | Gabide the Demigod Hunter began the quest for the Orb.
     0 | D:1      | Reached XP level 1. HP: 17/17 MP: 3/3
   255 | D:1      | Reached skill level 1 in Stealth
   477 | D:1      | Reached XP level 2. HP: 24/24 MP: 4/4
   483 | D:1      | Reached skill level 4 in Throwing
  1529 | D:2      | Noticed Jessica
  1530 | D:2      | Killed Jessica
  1531 | D:2      | Reached skill level 1 in Short Blades
  1531 | D:2      | Reached XP level 3. HP: 29/29 MP: 5/5
  1584 | D:2      | Noticed an ogre
  1593 | D:2      | Slain by an ogre

Illustrated notes

Levels and vault maps discovered:
D:1:      heliophobic_arrival_ceremonial_halls, layout_loops_ring,
          hellmonk_ecumenical_altar_inner_sanctum, serial_bayou,
          serial_bayou_lagoon_b, serial_bayou_lagoon_a, serial_bayou_shore_b,
          serial_bayou_pond_c, minmay_cupped
D:2:      minmay_kobold_bridge, layout_basic, basic_altar, uniq_jessica

Skill      XL: |  1  2 |
---------------+-------+-----
Stealth        | 1 |  1.3
Throwing       | 4 |  4.1
Fighting       | 2 |  2.0
Short Blades   | 1 |  1.1
Dodging        | 2 |  2.1
Armour         | |  0.9

Action                   || total
-------------------------++-------
Melee: Short sword       ||    73
Throw: Javelin           ||    21
 Stab: Sleeping          ||     1
       Distracted        ||     1
Armor: Leather armour    ||    14
Dodge: Dodged            ||    44
